 Dungeon Sprint DCSS version 0.19-a0-1532-g228a5d9 (webtiles) character file.

7730 poirepourri the Imperceptible (level 11, -1/47 HPs)
             Began as a Spriggan Enchanter on Sept 13, 2016.
             Was a High Priest of Dithmenos.
             Succumbed to a ghost moth's poison
             ... in the Dungeon (Sprint IV: "Fedhas' Mad Dash").
             The game lasted 00:05:28 (1701 turns).

poirepourri the Imperceptible (Spriggan Enchanter)  Turns: 1701, Time: 00:05:29

Health: -1/47      AC:  4    Str:  4      XL:     11   Next: 0%
Magic:  1/38       EV: 25    Int: 16 (17) God:    Dithmenos [*****.]
Gold:   173        SH:  0    Dex: 19 (20) Spells: 6 memorised, 19 levels left

rFire  + . .     SeeInvis +     l - +2 dagger (freeze)
rCold  . . .     Gourm    .     n - +2 robe of Lerunow {rCorr Stlth+}
rNeg   . . .     Faith    .     (shield restricted)
rPois  .         Spirit   .     (helmet restricted)
rElec  .         Dismiss  .     (no cloak)
rCorr  +         Reflect  .     (gloves unavailable)
MR     +....     Harm     .     (boots unavailable)
Stlth  ++++++++++ NoTele   +    k - amulet of invisibility {+Inv}
                                q - ring of protection from fire
                                p - ring of magical power

@: lethally poisoned (-1 -> -41), exhausted, slowed, wreathed by umbra, quick
A: unfitting armour, see invisible, herbivore 3, speed 3, slow metabolism 2
a: Shadow Step, Shadow Form, Renounce Religion, Evoke Invisibility


You were in the Dungeon.
You worshipped Dithmenos.
Dithmenos was extremely pleased with you.
You were not hungry.

You visited 1 branch You collected 173 gold pieces.

Inventory:

Hand Weapons
 a - a +2 dagger
 l - a +2 dagger of freezing (weapon)
 o - a +0 rapier
Armour
 b - a +1 robe
 m - a +0 buckler
 n - the +2 robe of Lerunow (worn) {rCorr Stlth+}
   (You found it in the Dungeon)

   It protects you from acid and corrosion.
   It makes you more stealthy.
Jewellery
 k - the amulet of invisibility (around neck) {+Inv}
   (You found it in the Dungeon)

   [amulet of nothing]

   It lets you turn invisible.
 p - a ring of magical power (left hand)
 q - a ring of protection from fire (right hand)
Potions
 e - 2 potions of curing
 f - a potion of heal wounds
 g - a potion of haste
 h - 2 potions of magic
Books
 c - a book of Maledictions

   Spells                             Type                      Level
   a - Corona                         Hexes                        1
   b - Ensorcelled Hibernation        Hexes/Ice                    2
   c - Confuse                        Hexes                        3
   d - Tukima's Dance                 Hexes                        3
   e - Dazzling Spray                 Conjuration/Hexes            3
 r - a book of the Sky

   Spells                             Type                      Level
   a - Summon Lightning Spire         Summoning/Air                4
   b - Airstrike                      Air                          4
   c - Silence                        Hexes/Air                    5
   d - Deflect Missiles               Charms/Air                   6
   e - Conjure Ball Lightning         Conjuration/Air              6
   f - Tornado                        Air                          9
Comestibles
 d - a bread ration
 j - 3 royal jellies
 s - 4 fruits


   Skills:
 + Level 9.2 Short Blades
 + Level 8.4 Dodging
 + Level 25.1 Stealth
 + Level 13.0 Spellcasting
 + Level 0.5 Conjurations
 + Level 13.8 Hexes
 - Level 3.2 Ice Magic
 + Level 2.1 Invocations


You had 19 spell levels left.
You knew the following spells:

 Your Spells              Type           Power        Failure   Level  Hunger
a - Corona                Hex            ######.      1%          1    None
b - Ensorcelled Hibernat  Hex/Ice        #####.       1%          2    None
c - Confuse               Hex            ######..     1%          3    None
d - Tukima's Dance        Hex            ######..     1%          3    None
e - Dazzling Spray        Conj/Hex       ####..       1%          3    None
f - Silence               Hex/Air        ####......   12%         5    ####...


Dungeon Overview and Level Annotations

Branches:
Dungeon (1/1)

Altars:
Cheibriados
Dithmenos
Elyvilon
Gozag
Hepliaklqana
Kikubaaqudgha
Makhleb
Nemelex Xobeh
Okawaru
Qazlal
Ru
Sif Muna
Trog
Uskayaw
Vehumet
Xom
Yredelemnul
Zin
The Shining One
Beogh
Jiyva
Lugonu

Shops:
D [(==(*}}}


Innate Abilities, Weirdness & Mutations

You are tiny and cannot use many weapons and most armour.
You have supernaturally acute eyesight. (SInv)
You are a herbivore.
You cover ground extremely quickly.
You need consume almost no food.


Message History

You feel a strong urge to attack something.
* * * LOW HITPOINT WARNING * * *
You feel sick.
* * * LOW HITPOINT WARNING * * *
You feel sick.
You feel your anger subside.
You are no longer berserk.
You are exhausted.
You feel yourself slow down.
* * * LOW HITPOINT WARNING * * *
You feel sick.
* * * LOW HITPOINT WARNING * * *
You feel very sick.
* * * LOW HITPOINT WARNING * * *
You feel very sick. The ghost moth stares at you.
You feel your power leaking away.
* * * LOW HITPOINT WARNING * * *
You feel very sick. The ghost moth stares at you.
You die...

.....♣..♣..######♣♣♣♣♣..♣(###.'..
#'####'######..'......♣..♣##..#..
..#....'.......#♣..♣♣♣.♣).###.##'
..#.)###.......#.♣♣..♣...♣'...#♣.
###############################..
%P....................# ###..♣.
∩...................P.#####.).♣..
∩...........)......)P..........♣.
∩...........y...@...P...#########
##########+##############


You could see a ghost moth (invisible).

Vanquished Creatures
  Agnes (D)
  A spriggan defender (D)
  A spriggan berserker (D)
  A spriggan druid (D)
  3 oklob plants (D)
  A demonic crawler (D)
  3 wandering mushrooms (D)
  3 burning bushes (D)
  A queen bee (D)
  A wasp (D)
  2 scorpions (D)
  4 killer bees (D)
  5 oklob saplings (D)
  A worker ant (D)
  4 spriggans (D)
  A river rat (D)
  A rat (D)
  A ballistomycete (D)
  2 giant spores (D)
37 creatures vanquished.

Vanquished Creatures (others)
  A wasp (D)
1 creature vanquished.

Grand Total: 38 creatures vanquished

Notes
Turn   | Place    | Note
-------+----------+-------------------------------------------
     0 | D        | poirepourri the Spriggan Enchanter began the quest for the Orb.
     0 | D        | Reached XP level 1. HP: 9/9 MP: 5/5
     9 | D        | Reached skill level 7 in Stealth
     9 | D        | Reached XP level 2. HP: 13/13 MP: 6/6
    20 | D        | Learned a level 2 spell: Ensorcelled Hibernation
    25 | D        | Noticed an oklob sapling
    26 | D        | Killed an oklob sapling
    26 | D        | Reached skill level 9 in Stealth
    26 | D        | Reached XP level 3. HP: 16/16 MP: 8/8
    31 | D        | Reached skill level 5 in Dodging
    31 | D        | Reached skill level 10 in Stealth
    54 | D        | Learned a level 3 spell: Confuse
    57 | D        | Noticed an oklob sapling
    60 | D        | Killed an oklob sapling
    60 | D        | Reached skill level 11 in Stealth
    60 | D        | Reached XP level 4. HP: 21/21 MP: 9/9
    72 | D        | Found an opulent altar of Gozag.
    72 | D        | Found a hazy altar of Hepliaklqana.
    72 | D        | Found a burning altar of Makhleb.
    72 | D        | Found a roughly hewn altar of Beogh.
    72 | D        | Found a sparkling altar of Nemelex Xobeh.
    72 | D        | Found a snail-covered altar of Cheibriados.
    72 | D        | Found a sacrificial altar of Ru.
    72 | D        | Found a deep blue altar of Sif Muna.
    72 | D        | Found a shimmering altar of Xom.
    72 | D        | Found a basalt altar of Yredelemnul.
    73 | D        | Found a viscous altar of Jiyva.
    73 | D        | Found a bloodstained altar of Trog.
    74 | D        | Found an iron altar of Okawaru.
    74 | D        | Found a glowing silver altar of Zin.
    74 | D        | Found a shadowy altar of Dithmenos.
    75 | D        | Found a hide-covered altar of Uskayaw.
    75 | D        | Found an ancient bone altar of Kikubaaqudgha.
    76 | D        | Found a stormy altar of Qazlal.
    76 | D        | Found a glowing golden altar of the Shining One.
    76 | D        | Found a white marble altar of Elyvilon.
    77 | D        | Found a radiant altar of Vehumet.
    77 | D        | Found a corrupted altar of Lugonu.
    80 | D        | Reached skill level 13 in Stealth
    85 | D        | Became a worshipper of Dithmenos the Shadowed
    97 | D        | Reached XP level 5. HP: 24/24 MP: 10/10
   106 | D        | Learned a level 3 spell: Tukima's Dance
   111 | D        | Reached skill level 14 in Stealth
   111 | D        | Reached skill level 5 in Hexes
   116 | D        | Reached * piety under Dithmenos
   354 | D        | Found Gotutteu's Antique Weapon Shop.
   354 | D        | Found Veraom's Jewellery Emporium.
   361 | D        | Noticed a burning bush
   361 | D        | Noticed a wandering mushroom
   363 | D        | Noticed a wandering mushroom
   365 | D        | Killed a wandering mushroom
   365 | D        | Reached skill level 16 in Stealth
   365 | D        | Reached XP level 6. HP: 28/28 MP: 13/16
   367 | D        | Killed a burning bush
   367 | D        | Reached ** piety under Dithmenos
   367 | D        | Reached skill level 17 in Stealth
   367 | D        | Reached XP level 7. HP: 32/32 MP: 13/18
   387 | D        | Killed a wandering mushroom
   387 | D        | Reached skill level 18 in Stealth
   661 | D        | Got a smoking robe
   672 | D        | Identified the +2 robe of Lerunow {rCorr Stlth+} (You found it in the Dungeon)
   690 | D        | Found Gugeal's Gadget Emporium.
   690 | D        | Found Ufritopa's Gadget Shoppe.
   747 | D        | Learned a level 3 spell: Dazzling Spray
   757 | D        | Noticed a queen bee
   842 | D        | Reached *** piety under Dithmenos
   842 | D        | Reached XP level 8. HP: 36/36 MP: 14/20
   848 | D        | Killed a queen bee
   848 | D        | Reached skill level 5 in Short Blades
  1053 | D        | Noticed an oklob plant
  1056 | D        | Killed an oklob plant
  1056 | D        | Reached **** piety under Dithmenos
  1056 | D        | Reached skill level 19 in Stealth
  1056 | D        | Reached skill level 10 in Hexes
  1073 | D        | Noticed a burning bush
  1076 | D        | Killed a burning bush
  1076 | D        | Reached skill level 20 in Stealth
  1086 | D        | Noticed a burning bush
  1086 | D        | Noticed an oklob plant
  1087 | D        | Noticed a wandering mushroom
  1088 | D        | Killed a burning bush
  1088 | D        | Reached skill level 10 in Spellcasting
  1088 | D        | Reached XP level 9. HP: 39/39 MP: 22/24
  1090 | D        | Killed an oklob plant
  1090 | D        | Reached skill level 21 in Stealth
  1099 | D        | Killed a wandering mushroom
  1214 | D        | Noticed a spriggan druid
  1215 | D        | Killed a spriggan druid
  1215 | D        | Reached ***** piety under Dithmenos
  1328 | D        | Noticed an oklob plant conjurer
  1330 | D        | Killed an oklob plant conjurer
  1345 | D        | Learned a level 5 spell: Silence
  1571 | D        | Noticed Agnes
  1573 | D        | Found Leuf's Assorted Antiques.
  1573 | D        | Found Acsaareu's Gadget Shoppe.
  1574 | D        | Killed Agnes
  1574 | D        | Reached skill level 23 in Stealth
  1574 | D        | Reached skill level 1 in Invocations
  1574 | D        | Reached XP level 10. HP: 44/44 MP: 27/27
  1576 | D        | Noticed a spriggan berserker
  1578 | D        | Killed a spriggan berserker
  1590 | D        | Noticed a spriggan defender
  1594 | D        | Killed a spriggan defender
  1594 | D        | Reached skill level 24 in Stealth
  1618 | D        | Noticed a spriggan rider
  1622 | D        | Killed a spriggan rider
  1622 | D        | Reached skill level 25 in Stealth
  1666 | D        | Noticed a ghost moth
  1667 | D        | Found Hahiy's Jewellery Emporium.
  1667 | D        | Found Hes Qaipn's Weapon Boutique.
  1667 | D        | Found Imit Emet's Armour Shoppe.
  1676 | D        | Reached XP level 11. HP: 47/47 MP: 29/29
  1700 | D        | HP: 2/47 [poisoned by a ghost moth]
  1701 | D        | Succumbed to a ghost moth's poison

Vault maps used:
D:        dungeon_sprint_fedhas

Skill      XL: |  1  2  3  4  5  6  7  8  9 10 |
---------------+-------------------------------+-----
Stealth        | 7 9 11 13 16 17 18 20 23 25 | 25.1
Short Blades   | 2 3 4 6 8 9 |  9.2
Dodging        | 4 5 6 7 8 |  8.4
Spellcasting   | 3 6 7 10 12 13 | 13.0
Hexes          | 4 7 8 9 10 13 | 13.8
Ice Magic      | 2 3 |  3.2
Invocations    | 1 2 |  2.1
Conjurations   | |  0.5

Action                   |  1- 3 |  4- 6 |  7- 9 | 10-12 || total
-------------------------+-------+-------+-------+-------++-------
Melee: Dagger            |     7 |     7 |    38 |    13 ||    65
 Cast: Ensorcelled Hiber |       |     8 |     5 |       ||    13
       Confuse           |       |       |     7 |       ||     7
       Dazzling Spray    |       |       |     1 |     9 ||    10
Invok: Shadow Step       |       |       |     2 |     3 ||     5
  Use: Scroll            |     1 |     1 |     2 |       ||     4
       Potion            |       |     1 |       |     1 ||     2
 Stab: Sleeping          |     4 |     7 |    12 |     4 ||    27
       Confused          |       |       |     4 |       ||     4
Dodge: Dodged            |     2 |     1 |    17 |    11 ||    31
